 Dungeon Crawl Stone Soup version 0.15.1-4-gac8487e (webtiles) character file.

833 Psiweapon the Ruffian (level 7, -8/43 HPs)
             Began as a Gargoyle Transmuter on Oct 14, 2014.
             Was a Follower of Cheibriados.
             Killed by divine providence
             ... invoked by an orc priest
              (16 damage)
             ... on Level 6 of the Dungeon.
             The game lasted 00:19:10 (4932 turns).

Psiweapon the Ruffian (Gargoyle Transmuter)         Turns: 4932, Time: 00:19:12

HP  -8/43        AC 13     Str 16      XL: 7   Next: 98%
MP  13/14        EV 11     Int 15      God: Cheibriados [*.....]
Gold 230         SH  0     Dex 14      Spells:  3 memorised,  2 levels left

rFire  . . .     SeeInvis .       - Unarmed
rCold  + . .     Clarity  .     C - +2 leather armour {rC+}
rNeg   + . .     rCorr    .     (no shield)
rPois  +         rRot     +     t - +2 helmet
rElec  +         Spirit   .     (no cloak)
SustAb .         Warding  .     f - +0 pair of gloves
rMut   .         Stasis   .     (boots unavailable)
Gourm  .                        (no amulet)
MR     .....                    (no ring)
                                g - ring of wizardry

@: appendage, very slow, not resistant to hostile enchantments, very unstealthy
A: talons 3, negative energy resistance 1, electricity resistance, unbreathing,
petrification resistance, rot immunity, AC +4
a: End Transformation, Bend Time, Renounce Religion


You were on level 6 of the Dungeon.
You worshipped Cheibriados.
Cheibriados was aware of your devotion.
You were hungry.
You had grown temporary talons.
You visited 2 branches of the dungeon, and saw 7 of its levels.

You collected 334 gold pieces.
You spent 104 gold pieces at shops.

Inventory:

Hand weapons
 H - a +0 falchion of freezing
Missiles
 b - 60 arrows
 e - 69 stones (quivered)
 v - 16 arrows of flame
Armour
 c - a +0 robe
 f - a +0 pair of gloves (worn)
 j - a +0 large shield
 l - a +0 cloak
 n - a +1 leather armour
 t - a +2 helmet (worn)
 C - a +2 leather armour of cold resistance (worn)
Magical devices
 h - a wand of frost (4)
Comestibles
 a - 8 bread rations
 s - 2 beef jerkies
 z - a meat ration
 I - a chunk of adder flesh
Scrolls
 i - a scroll of enchant armour
 k - 3 scrolls of remove curse
 q - 2 scrolls of amnesia
 u - 4 scrolls of identify
 x - a scroll of noise {unknown}
 y - 2 scrolls of blinking
 A - a scroll of recharging {unknown}
 J - a scroll of vulnerability {unknown}
Jewellery
 g - a ring of wizardry (left hand)
 w - an uncursed amulet of faith
Potions
 m - a potion of flight
 o - 2 potions of curing
 p - a potion of magic
 r - a potion of restore abilities
 B - a potion of haste {unknown}
 D - a potion of degeneration {unknown}
 E - a potion of berserk rage {unknown}
 G - 2 potions of lignification {unknown}
Books
 d - a book of Changes

   Spells                             Type                      Level
   *Beastly Appendage                 Transmutation                1
   Sticks to Snakes                   Transmutation                2
   Spider Form                        Transmutation/Poison         3
   *Ice Form                          Ice/Transmutation            4
   *Blade Hands                       Transmutation                5


   Skills:
 - Level 4.2 Fighting
 - Level 1.5 Dodging
 - Level 5.3 Unarmed Combat
 + Level 3.0 Spellcasting
 - Level 5.0 Transmutations


You had 2 spell levels left.
You knew the following spells:

 Your Spells              Type           Power        Failure   Level  Hunger
a - Beastly Appendage     Trmt           ###...       1%          1    #......
b - Blade Hands           Trmt           ###.......   45%         5    ######.
c - Ice Form              Ice/Trmt       #.......     45%         4    #####..


Dungeon Overview and Level Annotations

Branches:
Dungeon (6/15)             Temple (1/1) D:4

Altars:
Cheibriados
Dithmenos
Elyvilon
Makhleb
Nemelex Xobeh
Vehumet
Xom
Yredelemnul
Zin
The Shining One

Shops:
D:4 *   D:6 :


Innate Abilities, Weirdness & Mutations

You are resistant to torment.
You are immune to poison.
Your stone body is very resilient (AC +4).
You resist negative energy.
You are resistant to electric shocks.
You can survive without breathing.
You are immune to petrification.
You are immune to rotting.
You have claws for feet.


Message History

The puff of frost misses the orc warrior.
The puff of frost hits the orc priest.
The orc priest is severely wounded.
h - a wand of frost {zapped: 1} Evoke which item? (* to show all) (? for menu, Esc to quit)
Zapping:
h - a wand of frost {zapped: 1}
Press: ? - help, Shift-Dir - straight line, f - orc warrior
Aim: an orc warrior, wielding a scimitar and wearing a chain mail (lightly wounded)
The puff of frost hits the orc warrior.
The orc warrior appears unharmed.
The orc warrior is lightly wounded.
The orc warrior hits you with a scimitar.
The orc priest mumbles some strange prayers to Beogh against you.
Something smites you!
You punch the orc warrior! You claw the orc warrior.
The orc warrior is heavily wounded.
The orc warrior hits you with a scimitar!
* * * LOW HITPOINT WARNING * * *
The orc priest invokes the aid of Beogh against you.
Something smites you!
You die...

##.##
###.#.........
##.## #.########.#
##...## #.# ##.#
#.....# #+# #...
#...(.# ... #.##
#.....# .... #.##
#.#...## ..... #.#.
#.#.....####o......
###...
##........@oo......
+.....
##.#...####o......
###... #..#.##
..... #.#. #.####
.... #... #. ...
#### # +


You could see an orc warrior, an orc priest and 2 orcs.

Vanquished Creatures
  A sky beast (D:6)
  The ghost of MuedeAugen the Skirmisher, an average MiBe of Trog (D:3)
  A giant frog (D:6)
  A scorpion (D:4)
  A hound (D:4)
  2 crimson imps (D:6)
  An orc priest (D:4)
  A jelly (D:5)
  2 orc wizards
  4 worker ants
  Ijyb (D:2)
  A worker ant zombie (D:6)
  4 adders
  A shadow imp (D:5)
  A giant mite (D:3)
  3 worms
  An adder skeleton (D:4)
  An ooze (D:2)
  17 orcs
  A ball python (D:3)
  5 giant cockroaches
  9 hobgoblins
  9 jackals
  2 quokkas
  9 bats
  2 giant geckos
  6 giant newts
  8 goblins
  10 kobolds
  9 rats
115 creatures vanquished.

Notes
Turn   | Place    | Note
--------------------------------------------------------------
     0 | D:1      | Psiweapon, the Gargoyle Transmuter, began the quest for the Orb.
     0 | D:1      | Reached XP level 1. HP: 12/12 MP: 3/3
   566 | D:1      | Reached XP level 2. HP: 16/16 MP: 2/4
  1565 | D:2      | Reached XP level 3. HP: 18/20 MP: 1/6
  1573 | D:2      | Reached skill level 4 in Unarmed Combat
  1851 | D:2      | Noticed Ijyb
  1895 | D:2      | Killed Ijyb
  1895 | D:2      | Reached XP level 4. HP: 22/27 MP: 5/7
  2120 | D:2      | Found a glowing golden altar of the Shining One.
  2378 | D:3      | Noticed MuedeAugen's ghost (average MiBe)
  2558 | D:3      | Reached XP level 5. HP: 29/32 MP: 9/9
  2635 | D:3      | Found a white marble altar of Elyvilon.
  2664 | D:3      | Learned a level 5 spell: Blade Hands
  2880 | D:3      | Killed MuedeAugen's ghost
  2880 | D:3      | Reached skill level 5 in Unarmed Combat
  2880 | D:3      | Reached XP level 6. HP: 16/38 MP: 10/10
  3164 | D:4      | Found Caat's General Store.
  3170 | D:4      | Bought a scroll of blinking for 82 gold pieces
  3170 | D:4      | Bought a scroll of identify for 22 gold pieces
  3587 | D:4      | Found a burning altar of Makhleb.
  3587 | D:4      | Noticed a cacodemon
  3627 | D:4      | Found a staircase to the Ecumenical Temple.
  3637 | Temple   | Entered the Ecumenical Temple
  3657 | Temple   | Became a worshipper of Cheibriados the Contemplative
  3733 | D:4      | Found a shimmering altar of Xom.
  3747 | D:4      | Reached XP level 7. HP: 43/43 MP: 12/12
  4032 | D:5      | Entered Level 5 of the Dungeon
  4371 | D:6      | Learned a level 4 spell: Ice Form
  4478 | D:6      | Found Efut Nagu's Book Shop.
  4727 | D:6      | Reached skill level 5 in Transmutations
  4932 | D:6      | Killed from afar by an orc priest

Action                   |  1- 3 |  4- 6 |  7- 9 || total
-------------------------+-------+-------+-------++-------
Melee: Unarmed           |   160 |   231 |   133 ||   524
Throw: Stone             |    21 |       |     6 ||    27
 Cast: Beastly Appendage |    25 |    22 |    14 ||    61
Evoke: Wand              |       |       |     2 ||     2
  Use: Scroll            |       |     8 |     1 ||     9
       Potion            |       |       |     3 ||     3
  Eat: Chunk             |     2 |     7 |     2 ||    11
       Pizza             |     1 |       |     1 ||     2
